 Dungeon Crawl Stone Soup version 0.31.0-32-g396128a36d (webtiles) character file.

Game seed: 17842523854060647654

92506 SchramBam the Protected (level 15, 0/133 (139) HPs)
             Began as a Minotaur Fighter on Apr 22, 2024.
             Was a High Priest of Trog.
             Slain by a starcursed mass (7 damage)
             ... while paralysed by accursed screaming
             ... on level 3 of the Abyss.
             The game lasted 01:32:46 (23921 turns).

SchramBam the Protected (Minotaur Fighter)         Turns: 23921, Time: 01:32:47

HP:   0/133 (139)   AC: 37    Str: 27    XL:     15   Next: 58%
MP:   11/11         EV:  2    Int:  5    God:    Trog [*****.]
Gold: 2105          SH:  0    Dex: 15    Spells: 14/14 levels left

rFire   + . .        b - +1 demon whip (venom)
rCold   . . .        L - +0 kite shield {reflect}
rNeg    + . .        P - +3 crystal plate armour
rPois   .            O - +2 hat {Stlth+}
rElec   .            G - +0 cloak
rCorr   .            N - +0 pair of gloves
SInv    .            K - +0 pair of boots
Will    +....        t - amulet of reflection Stlth
                     C - ring of Fon Cubb {rF+ rN+ AC+4 Dex+4}
HPRegen 0.42/turn    M - ring of flight
MPRegen 0.12/turn

%: reflection
@: paralysed, about to teleport, flying, lightly drained
A: horns 2, retaliatory headbutt, [low MP 2], [inability to read after injury 2]
a: Renounce Religion, Berserk, Trog's Hand, Brothers in Arms


You were on level 3 of the Abyss.
You worshipped Trog.
Trog was extremely pleased with you.
You visited 4 branches of the dungeon, and saw 20 of its levels.
You visited the Abyss 1 time.
You also visited: Ossuary and Volcano.

You collected 2105 gold pieces.

Inventory:

Hand Weapons
 b - a +1 demon whip of venom (weapon)
 c - the +2 great mace of Xotrim {freeze, Str+4}
   (You took it off a two-headed ogre on level 2 of the Orcish Mines)

   Str+4:     It affects your strength (+4).
Missiles
 q - 2 throwing nets
 u - 44 poisoned darts (quivered)
 y - 2 curare-tipped darts
 H - 3 darts of dispersal
 R - 4 atropa-tipped darts
Armour
 G - a +0 cloak (worn)
 K - a +0 pair of boots (worn)
 L - a +0 kite shield of reflection (worn)
 N - a +0 pair of gloves (worn)
 O - a +2 hat of stealth (worn)
 P - a +3 crystal plate armour (worn)
Jewellery
 t - an amulet of reflection (around neck)
 B - a ring of positive energy
 C - the ring of Fon Cubb (left hand) {rF+ rN+ AC+4 Dex+4}
   (You found it on level 1 of the Lair of Beasts)

   [ring of protection]

   AC+4:      It affects your AC (+4).
   Dex+4:     It affects your dexterity (+4).
   rF+:       It protects you from fire.
   rN+:       It protects you from negative energy.
 J - a ring of protection from cold
 M - a ring of flight (right hand)
Wands
 a - a wand of paralysis (10)
 n - a wand of roots (5)
 r - a wand of digging (4)
 x - a wand of acid (18)
 I - a wand of flame (20)
 S - a wand of mindburst (3)
Scrolls
 f - 2 scrolls of poison
 g - 4 scrolls of immolation
 i - 4 scrolls of vulnerability
 j - 5 scrolls of blinking
 k - 4 scrolls of enchant armour
 l - 3 scrolls of revelation
 m - 4 scrolls of teleportation
 o - 2 scrolls of brand weapon
 s - a scroll of fog
 w - a scroll of torment
 D - 2 scrolls of fear
Potions
 d - 4 potions of might
 e - 10 potions of curing
 h - 5 potions of lignification
 p - 4 potions of enlightenment
 v - 2 potions of cancellation
 z - 3 potions of invisibility
 A - a potion of mutation
 E - 3 potions of haste
 F - a potion of heal wounds
Miscellaneous
 Q - a phial of floods


   Skills:
 * Level 14.8 Fighting
 * Level 14.7 Maces & Flails
 + Level 9.2 Throwing
 * Level 14.9 Armour
 + Level 9.5 Dodging
 * Level 14.8 Shields
 + Level 7.9 Evocations


You had 14 spell levels left.
You didn't know any spells.
Your spell library contained the following spells:

 Spells                   Type           Power      Damage    Failure   Level
 Magic Dart               Conj           0%         1d3       100%        1
 Blink                    Tloc           0%         N/A       100%        2
 Call Imp                 Summ           0%         N/A       100%        2
 Cigotuvi's Dreadful Rot  Necr/Alch/Air  0%         N/A       100%        2
 Ensorcelled Hibernation  Hex/Ice        0%         N/A       100%        2
 Searing Ray              Conj           0%         2d4       100%        2
 Passwall                 Erth           0%         N/A       100%        3
 Swiftness                Air            0%         N/A       100%        3
 Dispel Undead            Necr           0%         3d6       100%        4
 Fulminant Prism          Conj/Alch      0%         3d5       100%        4
 Martyr's Knell           Necr/Summ      0%         N/A       100%        4
 Death Channel            Necr           0%         N/A       100%        6


Dungeon Overview and Level Annotations

Branches:
Dungeon (11/15)              Lair (5/5) D:11         Shoals (0/4) Lair:2
 Spider (0/4) Lair:2        Slime (0/5) Lair:4          Orc (2/2) D:9
    Elf (2/3) Orc:2       Ossuary (visited)         Volcano (visited)
 Temple: D:4-7

Altars:
Cheibriados
Gozag
Hepliaklqana
Qazlal
Sif Muna
Trog
Uskayaw
The Shining One
Jiyva

Shops:
D:1 =   D:10 *   Orc:1 (   Orc:2 =*?(=


Innate Abilities, Weirdness & Mutations

You have a pair of horns on your head.
You reflexively headbutt those who attack you in melee.
[Your magical capacity is very low. (-20% MP)]
[You sometimes lose the ability to read scrolls when taking damage.]


Message History

You closely miss the ancient lich.
You headbutt the ancient lich, but do no damage.
The ancient lich is lightly damaged.
You block the starcursed mass's attack.
The starcursed mass touches you but does no damage.
The starcursed mass closely misses you. You furiously retaliate!
You headbutt the starcursed mass.
The starcursed mass shudders and is absorbed by its neighbour.
You hit the ancient lich but do no damage.
Your headbutt misses the ancient lich.
The ancient lich is lightly damaged.
The ancient lich touches you but does no damage.
You block the starcursed mass's attack.
You thrash the ancient lich!!
You headbutt the ancient lich, but do no damage.
The ancient lich is moderately damaged.
The ancient lich touches you but does no damage.
You block the starcursed mass's attack. You block the air elemental's attack.
The starcursed mass barely misses you.
You hit the ancient lich but do no damage.
Your headbutt misses the ancient lich.
The ancient lich is moderately damaged.
You block the air elemental's attack.
A starcursed mass splits.
The ancient lich touches you!
* * * LOW HITPOINT WARNING * * *
You partially resist.
You feel drained.
* * * LOW HITPOINT WARNING * * *
A cacophony of accursed wailing tears at your sanity!
* * * LOW HITPOINT WARNING * * *
You suddenly lose the ability to move!
The starcursed mass barely misses you.
The air elemental hits you but does no damage. x2
The ancient lich touches you.
* * * LOW HITPOINT WARNING * * *
You partially resist.
You feel drained.
The starcursed mass touches you but does no damage. x2
The starcursed mass touches you!
* * * LOW HITPOINT WARNING * * *
The air elemental hits you but does no damage.
The starcursed mass touches you!
You die...

.####.... ...#
..... #..... .. .
......... ..... .
. ###.....##. #.
.. ..#...#X.##..#
.#
..#...#XX##.###.#
..#...XLXX.##..
###...X@#.##..#
......XXE.## .#
...........#.
#.#.#
#####...._..... .
# ##..#.....ยง.
.# #..##..#... ..
. ##.#..#.....#
##
..##....###..#..
..# ##.... .
.....


You could see 9 starcursed masses, an ancient lich (fast) and an air elemental.

Vanquished Creatures
  A tentacled starspawn (Abyss:2)
  Donald (Orc:2)
  The ghost of Magramal the Fighter, a journeyman DrSh of Hepliaklqana (Orc:2)
  2 hydras (Lair:2)
  2 catoblepae
  8 two-headed ogres
  Erica (D:8)
  6 dancing weapons (Elf:1)
  A deep troll shaman (Lair:5)
  3 orc high priests (Orc:2)
  6 death yaks
  A thrashing horror (Abyss:2)
  Amaemon (Lair:2)
  Nergalle (Lair:2)
  2 wretched stars
  3 skeletal warriors (Volcano)
  2 lindwurms (Lair:5)
  An anaconda skeleton (Volcano)
  An ugly thing (D:11)
  Pikel (D:8)
  4 orc knights (Orc:2)
  11 deep elf pyromancers
  3 orc sorcerers (Orc:2)
  5 deep elf zephyrmancers
  2 large abominations (Abyss:2)
  7 deep elf archers
  3 manticores
  A worldbinder (Abyss:2)
  17 elephants
  4 kobold blastminers (Orc:2)
  3 meliai (Lair:5)
  4 black mambas
  7 centaur zombies (D:11)
  An orange demon (Lair:2)
  3 gargoyles (Volcano)
  6 cane toads
  17 komodo dragons
  Jeremiah (D:9)
  2 kobold demonologists (D:11)
  3 rime drakes
  8 polar bears
  Psyche (D:8)
  A hellwing (Abyss:2)
  2 trolls
  A queen bee (Lair:5)
  A wind drake (Lair:2)
  Prince Ribbit (D:9)
  A harpy skeleton (Volcano)
  A raiju (shapeshifter) (Abyss:2)
  16 blink frogs
  2 dream sheep (D:10)
  A jumping spider (Lair:2)
  3 shadows
  2 air elementals (Elf:1)
  5 wyverns
  2 culicivoras (Lair:2)
  2 vampires (D:11)
  A steam dragon (D:8)
  3 wraiths (D:11)
  A fire elemental (Elf:1)
  A water elemental (Elf:1)
  55 yaks
  3 wargs
  4 vampire mosquitoes (D:9)
  6 basilisks
  A redback (Lair:2)
  Menkaure (D:6)
  2 acid dragons
  5 swamp worms (Lair:1)
  10 water moccasins
  A swamp drake (D:9)
  6 black bears
  An ice beast (D:3)
  27 orc warriors
  2 laughing skulls (Volcano)
  2 ogres
  11 wolves
  4 centaurs
  A starcursed mass (Abyss:3)
  A lemure (D:8)
  2 weeping skulls
  An elf zombie (D:6)
  An earth elemental (Elf:2)
  5 kobold brigands
  Blork the orc (D:5)
  3 elf skeletons (D:6)
  2 scorpions
  9 bullfrogs
  3 wights (Abyss:2)
  3 water moccasin zombies (Ossuary)
  22 killer bees (Lair:5)
  2 troll skeletons (Volcano)
  3 howler monkeys
  3 electric eels (D:10)
  4 bombardier beetles
  A crimson imp (D:9)
  16 orc priests
  A hound (D:3)
  A human zombie (D:6)
  A gnoll bouda (D:5)
  An iron imp (D:9)
  A jelly (D:6)
  2 iguanas
  2 human skeletons (D:6)
  20 orc wizards
  2 crocodile zombies (Ossuary)
  2 naga skeletons (Volcano)
  2 mummies (Ossuary)
  5 gnolls
  6 adders
  2 shadow imps
  2 white imps
  2 ufetubi (D:6)
  6 adder zombies (Ossuary)
  4 dart slugs
  A ribbon worm (D:2)
  89 orcs
  5 endoplasms
  5 giant cockroaches
  7 gnoll zombies (Ossuary)
  8 goblins
  8 hobgoblins
  9 jackals
  6 quokkas
  11 ball pythons
  10 bats
  3 frilled lizards
  8 jackal zombies (Ossuary)
  23 kobolds
  2 orc skeletons (D:6)
  4 orc zombies
  5 rats
695 creatures vanquished.

Vanquished Creatures (others)
  A deep elf pyromancer (Elf:1)
  3 orc wizards
  2 orcs
  4 starspawn tentacles (Abyss:2)
10 creatures vanquished.

Grand Total: 705 creatures vanquished

Notes
Turn   | Place    | Note
-------+----------+-------------------------------------------
     0 | D:1      | SchramBam the Minotaur Fighter began the quest for the Orb.
     0 | D:1      | Reached XP level 1. HP: 19/19 MP: 0/0
   151 | D:1      | Reached XP level 2. HP: 27/27 MP: 1/1
   342 | D:1      | Found Ciwid's Jewellery Boutique.
   409 | D:1      | Reached XP level 3. HP: 29/33 MP: 2/2
   727 | D:1      | Found a faded altar of an unknown god.
  1433 | D:2      | Identified the +4 ring mail of Cowardice {^Drain rC+ rN+
                  | Str+8}
  1680 | D:3      | Reached skill level 1 in Dodging
  1700 | D:3      | Noticed an ice beast
  1714 | D:3      | Killed an ice beast
  1715 | D:3      | Reached skill level 1 in Throwing
  1715 | D:3      | Reached XP level 4. HP: 31/41 MP: 3/3
  1715 | D:3      | Reached XP level 5. HP: 36/47 MP: 4/4
  2490 | D:4      | Reached skill level 1 in Evocations
  2490 | D:4      | Reached XP level 6. HP: 53/53 MP: 5/5
  2583 | D:4      | Reached skill level 5 in Armour
  2782 | D:4      | Reached skill level 5 in Fighting
  2851 | D:4      | Reached skill level 5 in Shields
  2866 | D:4      | Reached XP level 7. HP: 54/61 MP: 6/6
  3345 | D:5      | Entered Level 5 of the Dungeon
  3452 | D:5      | Noticed Blork the orc
  3463 | D:5      | Killed Blork the orc
  3681 | D:5      | Reached skill level 5 in Maces & Flails
  3835 | D:5      | Found a hazy altar of Hepliaklqana.
  4147 | D:6      | Identified the +0 whip of the Rescuing Fox {flame, SInv}
  4180 | D:6      | Reached XP level 8. HP: 56/70 MP: 7/7
  4382 | D:6      | Found a sand-covered staircase.
  4391 | Ossuary  | Entered an ossuary
  5049 | D:6      | Noticed Menkaure
  5056 | D:6      | Killed Menkaure
  5057 | D:6      | Reached XP level 9. HP: 79/79 MP: 8/8
  5475 | D:7      | Identified the +4 sling of Ashenzari, Holding {freeze,
                  | Int+2 SInv}
  5842 | D:8      | Noticed Pikel
  5866 | D:8      | Killed Pikel
  6092 | D:8      | Noticed Erica
  6112 | D:8      | Killed Erica
  6315 | D:8      | Noticed Psyche
  6328 | D:8      | Killed Psyche
  6396 | D:8      | Reached XP level 10. HP: 89/89 MP: 9/9
  6688 | D:8      | Found a glowing golden altar of the Shining One.
  6825 | D:9      | Noticed a two-headed ogre
  6830 | D:9      | Killed a two-headed ogre
  6845 | D:9      | Reached skill level 5 in Dodging
  7105 | D:9      | Reached skill level 5 in Throwing
  7230 | D:9      | Found a staircase to the Orcish Mines.
  7351 | D:9      | Noticed Jeremiah
  7369 | D:9      | Killed Jeremiah
  7370 | D:9      | Reached XP level 11. HP: 66/97 MP: 10/10
  7605 | D:9      | Noticed a deep elf pyromancer
  7611 | D:9      | Killed a deep elf pyromancer
  7617 | D:9      | Identified the +1 hat of Inviolability {Fly rElec Dex-5
                  | Stlth+}
  7617 | D:9      | Identified the +0 robe of Snakes and Ladders {Rampage rElec
                  | rC+++ Int-2 Slay-3}
  7628 | D:9      | Noticed a deep elf zephyrmancer
  7630 | D:9      | Killed a deep elf zephyrmancer
  7679 | D:9      | Noticed Prince Ribbit
  7708 | D:9      | Killed Prince Ribbit
  7846 | D:9      | Noticed a two-headed ogre
  7852 | D:9      | Killed a two-headed ogre
  7853 | D:9      | Reached skill level 10 in Fighting
  7853 | D:9      | Reached skill level 10 in Armour
  7869 | D:9      | Reached skill level 10 in Shields
  8001 | D:9      | Found a bloodstained altar of Trog.
  8004 | D:9      | Became a worshipper of Trog the Wrathful
  8024 | D:9      | Found a hide-covered altar of Uskayaw.
  8032 | D:9      | Found a snail-covered altar of Cheibriados.
  8033 | D:9      | Found a stormy altar of Qazlal.
  8033 | D:9      | Found a shimmering blue altar of Sif Muna.
  8152 | D:10     | Entered Level 10 of the Dungeon
  8235 | D:10     | Found Plog's Assorted Antiques.
  8248 | D:10     | Found a runed translucent gate.
  8248 | D:10     | Found a runed translucent gate.
  8248 | D:10     | Found a runed translucent gate.
  8248 | D:10     | Noticed a death yak
  8249 | D:10     | Noticed a death yak
  8249 | D:10     | Noticed a death yak
  8875 | D:10     | Found an opulent altar of Gozag.
  9025 | D:10     | Noticed a two-headed ogre
  9036 | D:10     | Killed a two-headed ogre
  9596 | D:10     | Reached skill level 10 in Maces & Flails
  9605 | D:10     | HP: 5/101 [yak (10)]
  9608 | D:10     | Killed a death yak
  9609 | D:10     | Reached skill level 5 in Evocations
 10124 | D:10     | Reached * piety under Trog
 10134 | D:10     | Killed a death yak
 10135 | D:10     | Reached XP level 12. HP: 51/108 MP: 11/11
 10348 | D:10     | Killed a death yak
 10643 | D:11     | Found a staircase to the Lair.
 11347 | D:11     | Reached ** piety under Trog
 11608 | Lair:1   | Entered Level 1 of the Lair of Beasts
 11772 | Lair:1   | Found a transporter.
 11794 | Lair:1   | Found a transporter.
 12140 | Lair:1   | Reached *** piety under Trog
 12141 | Lair:1   | Reached XP level 13. HP: 118/118 MP: 12/12
 13104 | Lair:1   | Identified the +0 hat of the Skies Above {rPois Int+4
                  | Slay-4}
 13106 | Lair:1   | Identified the ring of Fon Cubb {rF+ rN+ AC+4 Dex+4}
 13243 | Lair:2   | Found a dark tunnel.
 13244 | Lair:2   | Noticed Nergalle
 13264 | Lair:2   | Killed Nergalle
 13298 | Volcano  | Entered a volcano
 14231 | Lair:2   | Found a hole to the Spider Nest.
 14407 | Lair:2   | Noticed Amaemon
 14481 | Lair:2   | Found a staircase to the Shoals.
 14485 | Lair:2   | Reached **** piety under Trog
 14708 | Lair:2   | You are sucked into a shaft and drop 1 floor!
 14939 | Lair:2   | Killed Amaemon
 15262 | Lair:3   | Identified the +2 halberd of Iraodela {venom, SInv}
 16646 | Lair:4   | Found a viscous altar of Jiyva.
 16647 | Lair:4   | Found a staircase to the Slime Pits.
 17252 | Lair:5   | Entered Level 5 of the Lair of Beasts
 17361 | Lair:5   | Reached XP level 14. HP: 129/129 MP: 13/13
 17972 | Lair:5   | Reached ***** piety under Trog
 18494 | Lair:5   | Received a gift from Trog
 19474 | Orc:1    | Entered Level 1 of the Orcish Mines
 19538 | Orc:1    | Found Erich's Antique Weapon Emporium.
 19876 | Orc:2    | Entered Level 2 of the Orcish Mines
 19876 | Orc:2    | Noticed Magramal's ghost (journeyman DrSh)
 19876 | Orc:2    | Identified the +2 great mace of Xotrim {freeze, Str+4}
 19876 | Orc:2    | Found a transporter.
 20221 | Orc:2    | Noticed Donald
 20245 | Orc:2    | Killed Donald
 20262 | Orc:2    | Received a gift from Trog
 20517 | Orc:2    | Found a staircase to the Elven Halls.
 21072 | Orc:2    | Found Caplier's Jewellery Shop.
 21126 | Orc:2    | Found a transporter.
 21368 | Orc:2    | Reached XP level 15. HP: 54/138 MP: 14/14
 21372 | Orc:2    | Found Kuve's Antique Weapon Boutique.
 21372 | Orc:2    | Found Umnaes's Jewellery Shoppe.
 21544 | Orc:2    | Found Bexov's Magic Scroll Boutique.
 21544 | Orc:2    | Found Nanapsar's General Store.
 21967 | Orc:2    | Killed Magramal's ghost
 22099 | Elf:1    | Entered Level 1 of the Elven Halls
 22482 | Elf:1    | Paralysed by an air elemental for 1 turns
 22489 | Elf:1    | Identified the +4 dagger "Ifonloq" {heavy, rElec rPois
                  | Dex+3} (Trog gifted it to you on level 1 of the Elven
                  | Halls)
 22489 | Elf:1    | Received a gift from Trog
 23399 | Elf:1    | Paralysed by an air elemental for 1 turns
 23405 | Elf:1    | Paralysed by an air elemental for 1 turns
 23679 | Elf:2    | Noticed a deep elf sorcerer
 23688 | Abyss:2  | Cast into level 2 of the Abyss (a deep elf sorcerer)
 23856 | Abyss:2  | Noticed a tentacled starspawn
 23868 | Abyss:2  | Killed a tentacled starspawn
 23886 | Abyss:3  | Found a corrupted altar of Lugonu.
 23901 | Abyss:3  | Noticed an ancient lich
 23913 | Abyss:3  | Paralysed by accursed screaming for 1 turns
 23920 | Abyss:3  | Paralysed by accursed screaming for 2 turns
 23921 | Abyss:3  | Slain by a starcursed mass

Illustrated notes

Levels and vault maps discovered:
D:1:      lemuel_arrival_muddy, layout_basic, serial_shops, shop_statue,
          shapermc_ecumenical_altar_starsandcircs,
          hangedman_decor_clover_reticule, minivault_5, minmay_crystal_water,
          minivault_19, corexii_item_surrounded_by_moat, minmay_vboxes
D:2:      layout_basic, due_unseen_surprise
D:3:      minmay_recursive_quarters, layout_loops_ring
D:4:      kennysheep_big_flooded_room, layout_basic
D:5:      layout_basic, lemuel_coloured_pillars_altar, uniq_blork_the_orc
D:6:      layout_cave_pools, nicolae_ossuary_entry_catacombs,
          minmay_misc_feat_secret_circle, uniq_menkaure
D:7:      layout_basic, temple_statues
D:8:      layout_loops_ring, mainiacjoe_overflow_cross_hatched,
          supply_closet_lemuel, uniq_psyche, uniq_erica, uniq_pikel
D:9:      layout_roguey, kennysheep_mini,
          chequers_temple_overflow_statue_of_worship, david_orc_5,
          hangedman_minor_magic, uniq_prince_ribbit1, uniq_jeremiah
D:10:     lemuel_bear_cage, layout_gridville, general_overflow_altar,
          serial_shops, shop, serial_bayou_lagoon_b
D:11:     layout_basic, lair_entry_dummy, serial_undead, serial_undead_e,
          serial_undead_d, serial_undead_a, serial_undead_a
Lair:1:   gammafunk_worm_tunnel, layout_concentric_octagons, minmay_hedge_maze,
          st_stairs_10, cheibrodos_lair_reptile_den
Lair:2:   layout_cave_pods, minmay_shoals_entry_beasts,
          spider_nest_entry_funnel_web, nicolae_volcano_entry_lava_flow,
          lemuel_fruit_fields, uniq_nergalle, uniq_amaemon
Lair:3:   layout_gridlike
Lair:4:   layout_long_grid, slime_entry_1, lemuel_fruit_tree,
          grunt_megastairs_1, infiniplex_staircase_pool_2
Lair:5:   grunt_lair_end_beastmaster, layout_cave_shapes, special_room
          [special_room_bee]
Orc:1:    layout_caves, serial_shops, shop, nicolae_orc_hostile_takeover,
          nicolae_specific_store
Orc:2:    grunt_orc_tribal_feast, layout_caves, gammafunk_ghost_smash,
          serial_shops, nicolae_shop_pleasant_corner_grove,
          regret_index_minedec_shroomtown_chain, uniq_donald
Elf:1:    eino_elf_arrival_the_gate, layout_loops_cross,
          hangedman_corner_corridor, ebering_dispersal_statue_hall
Elf:2:    elven_hall_of_blades_hangedman_original
          [infiniplex_blade_entry_pillars], layout_gridlike, lemuel_elevator
Abyss:3:  base: D:2, onia_ninara_dug_in_and_dangerous

Skill      XL: |  1  2  3  4  5  6  7  8  9 10 11 12 13 14 15 |
---------------+----------------------------------------------+-----
Armour         | 4 5 6 7 8 9 10 11 13 14 | 14.9
Shields        | 4 5 6 8 9 10 11 13 14 | 14.8
Maces & Flails | 3 4 5 6 7 9 10 11 12 14 | 14.7
Fighting       | 4 5 6 7 8 9 10 12 13 14 | 14.8
Dodging        | 1 2 3 4 5 6 7 8 9 |  9.5
Throwing       | 1 2 3 4 5 6 7 8 9 |  9.2
Evocations     | 1 2 3 4 5 6 7 |  7.9

Action                     |  1- 3 |  4- 6 |  7- 9 | 10-12 | 13-15 || total
---------------------------+-------+-------+-------+-------+-------++-------
  Melee: Flail             |   110 |     9 |       |       |       ||   119
         Headbutt          |    13 |    13 |    51 |   145 |   409 ||   631
         Demon whip        |       |    77 |   269 |   614 |  1499 ||  2459
  Throw: Dart              |     4 |       |     6 |       |    68 ||    78
         Boomerang         |       |     2 |    57 |   166 |    93 ||   318
 Invoke: Trog's Hand       |       |       |       |       |     2 ||     2
  Evoke: Wand              |     1 |       |       |       |       ||     1
         Phial of floods   |       |       |       |       |     1 ||     1
    Use: Scroll            |       |     5 |     6 |    12 |    10 ||    33
         Potion            |       |       |     1 |     6 |     6 ||    13
 Armour: Scale mail        |    62 |       |       |       |       ||    62
         Ring mail         |    10 |    58 |    57 |   137 |       ||   262
         Plate armour      |       |       |    49 |    18 |       ||    67
         Crystal plate arm |       |       |       |   154 |   832 ||   986
  Dodge: Dodged            |    55 |    41 |    50 |   134 |   244 ||   524
  Block: Buckler           |    32 |    52 |    92 |   214 |   546 ||   936
         Reflection        |     1 |     1 |    10 |     8 |    43 ||    63
         Kite shield       |       |       |       |       |   159 ||   159
